[Event "*** SCC Grand Prix: Titled Tuesday Blitz"]
[Site "Chess.com"]
[Date "2020.07.21"]
[Round "9"]
[White "ChelsieMonica"]
[Black "vova-79"]
[Result "1-0"]
[WhiteElo "2394"]
[BlackElo "2480"]
[TimeControl "180+1"]
[EndTime "11:48:26 PDT"]
[Termination "ChelsieMonica won on time"]

1. c4 c6 2. Nc3 d5 3. cxd5 cxd5 4. Nf3 Nf6 5. d3 Nc6 6. g3 e6 7. Bg2 Be7 8. O-O O-O 9. Bg5 h6 10. Bf4 d4 11. Ne4 Nd5 12. Bc1 e5 13. Ned2 Be6 14. Nc4 Qc7 15. a4 a6 16. Bd2 b5 17. Na3 Qb6 18. a5 Qd8 19. Rc1 Rc8 20. Rxc6 Rxc6 21. Nxe5 Rc8 22. f4 Bc5 23. f5 Qd6 24. Nec4 bxc4 25. Nxc4 Qd7 26. fxe6 fxe6 27. Bh3 Rxf1+ 28.
Qxf1 Rf8 29. Qg2 Qe7 30. Bg4 Bb4 31. Bxb4 Nxb4 32. Qe4 Qf6 33. Bf3 Nd5 34. Ne5 Ne3 35. Nd7 Qf5 36. Nxf8 Qxe4 37. Bxe4 Kxf8 38. Bb7 Nd1 39.
Bxa6 Nxb2 40. Bb5 1-0

[Event "*** SCC Grand Prix: Titled Tuesday Blitz"]
[Site "Chess.com"]
[Date "2020.07.21"]
[Round "9"]
[White "CraiggoryC"]
[Black "larisakalinina"]
[Result "0-1"]
[WhiteElo "2143"]
[BlackElo "1963"]
[TimeControl "180+1"]
[EndTime "11:48:26 PDT"]
[Termination "larisakalinina won on time"]

1. e4 c5 2. Nc3 a6 3. g3 b5 4.
Bg2 Bb7 5. d3 e6 6. f4 Nf6 7.
Nf3 b4 8. Ne2 d5 9. e5 Nfd7 10.
O-O Nc6 11. d4 Be7 12. Kh1 O-O 13. c3 bxc3 14. bxc3 cxd4 15. cxd4 f6 16. Rb1 Rb8 17. Bd2 fxe5 18. dxe5 Nc5 19. Ned4 Qd7 20. Nxc6 Bxc6 21.
Nd4 Ba4 22. Qg4 Rxb1 23. Rxb1 Bb5 24. Bb4 Bd3 25. Rd1 Bf5 26. Nxf5 Rxf5 27. Bxc5 Bxc5 28.
Rc1 Qb5 29. Bxd5 Rf8 30. Qxe6+ Kh8 31. h4 Bf2 32. Kg2 Qe2 0-1

[Event "*** SCC Grand Prix: Titled Tuesday Blitz"]
[Site "Chess.com"]
[Date "2020.07.21"]
[Round "9"]
[White "BakaPG"]
[Black "ChessicallyInclined"]
[Result "1-0"]
[WhiteElo "2658"]
[BlackElo "2509"]
[TimeControl "180+1"]
[EndTime "11:48:27 PDT"]
[Termination "BakaPG won by resignation"]

1. e4 c5 2. Nf3 Nc6 3. Nc3 e5 4. Bc4 Be7 5. d3 d6 6. Nd2 Nf6 7.
Nf1 O-O 8. Ne3 Nd7 9. a4 Bg5 10. h4 Bxe3 11. Bxe3 Nb6 12. Ba2 Be6 13. Nd5 Ne7 14.
c4 Nbxd5 15. cxd5 Bd7 16. h5 f5 17. h6 f4 18. Bxc5 dxc5 19. d6+ Kh8 20. hxg7+ Kxg7 21. Rxh7+ Kxh7 22. Qh5+ Kg7 23. Qxe5+ Rf6 24. dxe7 Qb8 25. Qxc5 f3 26. g3 Qe8 27. Kd2 Qg6 28. Rh1 Rc8 29. Qe5 Be8 30. Be6 Rc6 31. Bf5 Qg5+ 32. Qf4 Qxf4+ 33.
gxf4 Rxf5 34. exf5 Kf6 35. Ke3 Kxe7 36. Kxf3 Rf6 37. Kg4 Bd7 38. Re1+ Kd6 39. Re5 Rg6+ 40. Kh5 Rg2 41. f6 Rxf2 42. Kg5 Rg2+ 43. Kh6 Rg4 44. Re4 Be6 45. f5 Rxe4 46. dxe4 Bb3 47. Kg7 Ke5 48. f7 Bxf7 49. Kxf7 Kxe4 50. f6 1-0

[Event "*** SCC Grand Prix: Titled Tuesday Blitz"]
[Site "Chess.com"]
[Date "2020.07.21"]
[Round "9"]
[White "Crazy_girl99"]
[Black "ErikRonka"]
[Result "1-0"]
[WhiteElo "2488"]
[BlackElo "2376"]
[TimeControl "180+1"]
[EndTime "11:48:27 PDT"]
[Termination "Crazy_girl99 won by checkmate"]

1. Nf3 d5 2. g3 Nf6 3. Bg2 Bg4 4. d4 Nbd7 5. h3 Bh5 6. O-O e6 7. c4 c6 8. cxd5 exd5 9. Nh4 Bg6 10. Nc3 Bd6 11. Bg5 O-O 12. Nxg6 hxg6 13. e3 a5 14. h4 Re8 15. Qd3 Be7 16. Bf3 Nf8 17. Kg2 Ne6 18.
Bxf6 Bxf6 19. Rh1 Nf8 20. Rh2 Qe7 21. Rah1 b5 22. g4 b4 23. Ne2 Qd6 24. g5 Bd8 25. Ng3 Nh7 26. Bd1 Bc7 27. Bc2 Qe6 28. h5 Nxg5 29. hxg6 fxg6 30. Qxg6 Qxg6 31. Bxg6 Nf7 32.
Rh5 Rf8 33. Nf5 Rae8 34. Rh7 Nh6 35. Rxg7+ Kh8 36. Rxh6# 1-0

[Event "*** SCC Grand Prix: Titled Tuesday Blitz"]
[Site "Chess.com"]
[Date "2020.07.21"]
[Round "9"]
[White "Bastiandash"]
[Black "bratkoo"]
[Result "0-1"]
[WhiteElo "2361"]
[BlackElo "2477"]
[TimeControl "180+1"]
[EndTime "11:48:27 PDT"]
[Termination "bratkoo won by resignation"]

1. d4 e6 2. Nf3 d5 3. Bg5 Nf6 4.
Nbd2 h6 5. Bh4 Nbd7 6. e3 c5 7. c3 a6 8. Bd3 Be7 9. O-O O-O 10. Ne5 Nxe5 11. dxe5 Nd7 12. Bxe7 Qxe7 13. f4 f6 14.
exf6 Rxf6 15. e4 b5 16. Qe2 c4 17. Bc2 Bb7 18. Rae1 Raf8 19. g3 Qc5+ 20. Qe3 Qxe3+ 21. Rxe3 Nc5 22. e5 R6f7 23. Nf3 Ne4 24. Bxe4 dxe4 25. Nd2 g5 26. Nxe4 gxf4 27. gxf4 Rg7+ 28. Ng3 Rg4 29.
h3 Rgxf4 30. Rxf4 Rxf4 31. Nh5 Rf5 32. Nf6+ Kf7 33. Ng4 Rg5 34. Kf1 h5 35. Nf2 Kg6 36. h4 Rf5 37. Ke2 Rf4 38. Nh3 Rxh4 39. Rg3+ Kf7 40. Ng5+ Ke7 41. Ke3 Bd5 42. Nh3 Re4+ 43. Kd2 Rxe5 44. Nf4 Kd6 45. Ng6 Re4 46. Rg5 h4 47.
Rh5 Rg4 48. Nxh4 Rg3 49. Nf5+ exf5 50. Rh6+ Ke5 0-1

[Event "*** SCC Grand Prix: Titled Tuesday Blitz"]
[Site "Chess.com"]
[Date "2020.07.21"]
[Round "9"]
[White "Kezin_Roman"]
[Black "SiddharthGMJagadeesh"]
[Result "0-1"]
[WhiteElo "2729"]
[BlackElo "2599"]
[TimeControl "180+1"]
[EndTime "11:48:28 PDT"]
[Termination "SiddharthGMJagadeesh won by resignation"]

1. d4 Nf6 2. c4 b6 3. Nc3 Bb7 4. Qc2 d5 5. cxd5 Nxd5 6. e4 Nxc3 7. bxc3 g6 8. Nf3 Bg7 9. h4 O-O 10. h5 c5 11. hxg6 hxg6 12. Bh6 cxd4 13. cxd4 Qc8 14. Bd3 Qxc2 15. Bxc2 Nc6 16. Bxg7 Kxg7 17. d5 Nb4 18. Bb3 Nd3+ 19. Ke2 Nc5 20. Ke3 Rac8 21. Rhc1 Rfd8 22. Nd4 Rh8 23. Rc2 Rh4 24. f3 f5 25. exf5 Rxd4 26.
Kxd4 Nxb3+ 27. axb3 Rxc2 28. Rxa7 Rc7 29. fxg6 Kxg6 30. Ke5 Kf7 31. d6 Rd7 32. dxe7 Kxe7 33. g4 Bxf3 34. Rxd7+ Kxd7 35. g5 Bh5 36. Kf6 Kc6 37.
g6 Bxg6 38. Kxg6 Kc5 39. Kf5 Kb4 40. Ke4 Kxb3 0-1

[Event "*** SCC Grand Prix: Titled Tuesday Blitz"]
[Site "Chess.com"]
[Date "2020.07.21"]
[Round "9"]
[White "anon569"]
[Black "Mikhail_Golubev"]
[Result "1-0"]
[WhiteElo "2346"]
[BlackElo "2598"]
[TimeControl "180+1"]
[EndTime "11:48:28 PDT"]
[Termination "anon569 won on time"]

1. e4 c5 2. Nf3 d6 3. d4 Nf6 4. Nc3 cxd4 5. Nxd4 Nc6 6. Bg5 e6 7. Qd2 a6 8. O-O-O Bd7 9. f4 Be7 10. Nf3 b5 11. e5 b4 12. exf6 bxc3 13. Qxc3 gxf6 14.
Kb1 Rg8 15. Bh4 Rb8 16. Bxa6 d5 17. a3 Qb6 18. Be2 Rxg2 19. Rhe1 f5 20. Bxe7 Nxe7 21. Ne5 Bb5 22. Bf3 Rg8 23. Bh5 Ng6 24. Rxd5 Nxe5 25. Rdxe5 Rg1 26. Rxe6+ Qxe6 27. Rxg1 Rc8 28.
Qh8+ Ke7 29. Qd4 1-0

[Event "*** SCC Grand Prix: Titled Tuesday Blitz"]
[Site "Chess.com"]
[Date "2020.07.21"]
[Round "9"]
[White "isainz"]
[Black "jonychess03"]
[Result "0-1"]
[WhiteElo "2138"]
[BlackElo "2314"]
[TimeControl "180+1"]
[EndTime "11:48:30 PDT"]
[Termination "jonychess03 won on time"]

1. e4 c6 2. d4 d5 3. e5 Bf5 4. Nf3 e6 5. Be2 c5 6. Be3 Qb6 7. Nc3 Nc6 8. O-O a6 9. Na4 Qc7 10. dxc5 Nxe5 11. Nxe5 Qxe5 12. c4 Rd8 13. cxd5 Qxd5 14.
Qxd5 Rxd5 15. Bf3 Rd8 16. Bxb7 Bd3 17. Rfd1 Bb5 18. Nc3 Ne7 19. Nxb5 axb5 20. c6 Nd5 21. Rxd5 exd5 22. Bb6 Bd6 23. Re1+ Be7 24. Bc5 O-O 25. Bxe7 Rfe8 26. c7 Ra8 27. Bxa8 Rxa8 28. a3 f6 29. Rc1 Rc8 30. Bd6 Kf7 31. Rc5 Ke6 32. Bg3 d4 33. Rxb5 g5 34. Rb4 Kd5 35. Rb5+ Kc4 36.
Rb6 f5 37. Be5 d3 0-1

[Event "*** SCC Grand Prix: Titled Tuesday Blitz"]
[Site "Chess.com"]
[Date "2020.07.21"]
[Round "9"]
[White "1f3_2g41-0"]
[Black "Vesper2018"]
[Result "0-1"]
[WhiteElo "2396"]
[BlackElo "2590"]
[TimeControl "180+1"]
[EndTime "11:48:31 PDT"]
[Termination "Vesper2018 won by checkmate"]

1. e4 c5 2. Nf3 d6 3. d4 cxd4 4. Nxd4 Nf6 5. Nc3 a6 6. h3 e6 7. g4 Be7 8. Bg2 Nfd7 9. O-O O-O 10. Be3 Qc7 11. f4 Nc6 12. Kh1 Nb6 13. b3 Nxd4 14.
Bxd4 e5 15. Bxb6 Qxc3 16. f5 Bd7 17. f6 gxf6 18. Qc1 Kg7 19. Be3 Rfc8 20. Bh6+ Kh8 21. g5 fxg5 22. Bxg5 Bxg5 23. Qxg5 Rg8 24. Qf6+ Rg7 25.
Qxd6 Bxh3 26. Bf3 Bxf1 27. Rxf1 Qe3 28. Qxe5 Rg8 29. Qf6 Qd2 30. Rd1 Qf2 31. e5 Qg3 32.
Bg4 Qxg4 33. Rd3 Qg2# 0-1

[Event "*** SCC Grand Prix: Titled Tuesday Blitz"]
[Site "Chess.com"]
[Date "2020.07.21"]
[Round "9"]
[White "NormWeinstein"]
[Black "awesomevishesh"]
[Result "1-0"]
[WhiteElo "2468"]
[BlackElo "2346"]
[TimeControl "180+1"]
[EndTime "11:48:31 PDT"]
[Termination "NormWeinstein won on time"]

1. e4 c5 2. Nf3 d6 3. Nc3 a6 4. g3 Nf6 5. e5 dxe5 6. Nxe5 Nbd7 7. d4 cxd4 8. Qxd4 Nxe5 9. Qxe5 e6 10. Bf4 Be7 11. Bg2 O-O 12. O-O Qb6 13. Na4 Qb5 14. Qxb5 axb5 15. Nb6 Ra7 16. Be3 Ra5 17. a3 b4 18. axb4 Bxb4 19. Rxa5 Bxa5 20. Nc4 Bc7 21. Bb6 Bxb6 22. Nxb6 e5 23. Re1 Bf5 24. c3 e4 25. Nc4 h5 26. Ne3 Bg6 27. Rd1 Ra8 28.
h3 Ra2 29. b4 Rb2 30. Rc1 h4 31. g4 Nd7 32. Nc4 Ra2 33. Nd6 Nf6 34. Nxb7 Nd5 35. Nc5 Nf4 36. Bf1 e3 37. fxe3 Nd5 38. Bc4 Rd2 39. Nb3 Rg2+ 40. Kxg2 Nxe3+ 41. Kf2 Nxc4 42. Na5 Bd3 43. Nxc4 Bxc4 44. Rd1 f6 45. Rd4 Be6 46. c4 Kf7 47. c5 Ke7 48. c6 f5 49. b5 fxg4 50.
hxg4 g5 51. b6 h3 52. Kg3 h2 53. Kxh2 1-0

[Event "*** SCC Grand Prix: Titled Tuesday Blitz"]
[Site "Chess.com"]
[Date "2020.07.21"]
[Round "9"]
[White "Kildepiotr"]
[Black "Chesswizard_2007"]
[Result "0-1"]
[WhiteElo "2605"]
[BlackElo "2468"]
[TimeControl "180+1"]
[EndTime "11:48:32 PDT"]
[Termination "Chesswizard_2007 won on time"]

1. Nf3 Nf6 2. g3 d5 3. Bg2 Bf5 4. O-O h6 5. d3 e6 6. Nbd2 Be7 7.
Qe1 O-O 8. e4 Bh7 9. Qe2 c5 10.
Ne5 Nbd7 11. Nxd7 Qxd7 12. e5 Ne8 13. f4 Nc7 14. g4 Rfe8 15. Qf2 c4 16. f5 Na6 17. d4 f6 18. exf6 Bxf6 19. c3 exf5 20. gxf5 Nc7 21. Nb1 b5 22. Na3 a5 23. Bf4 Rac8 24. Bxc7 Rxc7 25. Nc2 Kh8 26. Ne3 Bg8 27. Rae1 Rcc8 28. Ng4 Qd6 29. Rxe8 Rxe8 30. Re1 Rxe1+ 31.
Qxe1 b4 32. Qe3 Bg5 33. Qe5 Qd8 34. Bf3 b3 35. axb3 cxb3 36. Ne3 a4 37. Nd1 Bc1 38.
Kf2 Qg5 0-1

[Event "*** SCC Grand Prix: Titled Tuesday Blitz"]
[Site "Chess.com"]
[Date "2020.07.21"]
[Round "9"]
[White "OK97"]
[Black "Chessmatus"]
[Result "1-0"]
[WhiteElo "2780"]
[BlackElo "2423"]
[TimeControl "180+1"]
[EndTime "11:48:32 PDT"]
[Termination "OK97 won on time"]

1. d4 Nf6 2. Bg5 Ne4 3. Bf4 c5 4.
f3 Qa5+ 5. c3 Nf6 6. d5 Qb6 7.
b3 e6 8. e4 exd5 9. exd5 Bd6 10.
Bg5 Be7 11. Qd2 O-O 12. c4 h6 13. Be3 Re8 14. Ne2 d6 15. Nbc3 Nbd7 16. Ng3 Ne5 17. Be2 a6 18. O-O Qa5 19. Rfe1 Bd7 20. a4 Qb4 21. Rab1 b5 22. cxb5 axb5 23. Nxb5 Qxd2 24.
Bxd2 Nxd5 25. Ne4 Ra6 26. Red1 f5 27. Nbxd6 Bxd6 28. Bxa6 fxe4 29. fxe4 Nf6 30. Bxh6 Nxe4 31. Bf4 Bc6 32. Bb5 Nc3 33. Rxd6 1-0

[Event "*** SCC Grand Prix: Titled Tuesday Blitz"]
[Site "Chess.com"]
[Date "2020.07.21"]
[Round "9"]
[White "MacDaddyMac"]
[Black "Makswolf200817"]
[Result "0-1"]
[WhiteElo "2367"]
[BlackElo "2485"]
[TimeControl "180+1"]
[EndTime "11:48:32 PDT"]
[Termination "Makswolf200817 won by checkmate"]

1. e4 e6 2. d4 d5 3. e5 c5 4. c3 Qb6 5. a3 Bd7 6. Nf3 cxd4 7.
cxd4 Bb5 8. Bxb5+ Qxb5 9. Nc3 Qd7 10. O-O Ne7 11. Bg5 Nbc6 12. Bxe7 Bxe7 13. Rc1 O-O 14. h3 Rfc8 15. Nh2 a6 16. f4 Nxd4 17. Kh1 Nf5 18. Qd3 Rc6 19. g4 Nh4 20. f5 exf5 21. gxf5 d4 22. f6 gxf6 23. exf6 Bxf6 24. Ne4 Bg7 25. Rce1 Re6 26. Qg3 Ng6 27. Qg2 Qc6 28. Ng4 d3 29. Rf4 Nxf4 30. Ngf6+ Rxf6 31. Nxf6+ Qxf6 32. Qxb7 Rf8 33. Rf1 d2 34. Qb4 Nd5 35. Qc4 d1=Q 36. Rxd1 Qf3+ 37.
Kh2 Qxd1 38. Qxa6 Be5+ 39. Kg2 Nf4+ 40. Kf2 Bd4+ 41. Kg3 Nh5+ 42. Kg2 Qd2+ 43. Kf3 Qe3+ 44. Kg4 Nf6+ 45. Kf5 Qe5# 0-1

[Event "*** SCC Grand Prix: Titled Tuesday Blitz"]
[Site "Chess.com"]
[Date "2020.07.21"]
[Round "9"]
[White "Omk124"]
[Black "arminmusovic"]
[Result "1/2-1/2"]
[WhiteElo "2356"]
[BlackElo "2513"]
[TimeControl "180+1"]
[EndTime "11:48:32 PDT"]
[Termination "Game drawn by repetition"]

1. e4 c6 2. c4 d5 3. exd5 cxd5 4. cxd5 a6 5. Nc3 Nf6 6. Nf3 g6 7. Bc4 Bg7 8. a4 O-O 9. O-O Nbd7 10. Qb3 Ng4 11. d3 Nge5 12. Nxe5 Nxe5 13. Be3 Qc7 14. Rfe1 Ng4 15. g3 Nxe3 16. Rxe3 Bh6 17. Re2 Bg4 18. Re4 Bf3 19. Rh4 Bg5 20. Rd4 Qd7 21. g4 e5 22. Re4 Bxe4 23. Nxe4 Qxg4+ 24. Kh1 Qf3+ 25. Kg1 Bh4 26. d6 Kg7 27. Rf1 Qg4+ 28. Kh1 Rad8 29. Qxb7 Rd7 30. Qd5 Qf3+ 31. Kg1 f5 32.
Qxe5+ Kh6 33. Ng3 f4 34. d4 fxg3 35. fxg3 Qa8 36. Rxf8 Qxf8 37. gxh4 Qf3 38. Be2 Qf5 39. Qe3+ Kg7 40. Qe5+ Kh6 41. Bxa6 Qg4+ 42. Qg3 Qd1+ 43.
Bf1 Qxd4+ 44. Kh1 Rxd6 45. Qg5+ Kg7 46. Qe7+ Kh6 47. Qg5+ Kg7 48. Qe7+ Kh6 49. Qg5+ 1/2-1/2

[Event "*** SCC Grand Prix: Titled Tuesday Blitz"]
[Site "Chess.com"]
[Date "2020.07.21"]
[Round "9"]
[White "nrvisakh"]
[Black "stanyga"]
[Result "0-1"]
[WhiteElo "2823"]
[BlackElo "2627"]
[TimeControl "180+1"]
[EndTime "11:48:34 PDT"]
[Termination "stanyga won by resignation"]

1. c4 Nf6 2. g3 g6 3. Bg2 d5 4. cxd5 Nxd5 5. Nc3 Nb6 6. Nf3 Bg7 7. O-O Nc6 8. Rb1 O-O 9. b4 Bf5 10. Rb3 Be6 11.
Rb2 Bxc3 12. dxc3 Qxd1 13. Rxd1 Na4 14. Rc2 Bf5 15. Rd3 Bxd3 16. exd3 Rfd8 17. d4 Nb6 18. b5 Na5 19. Ne5 Rac8 20. h4 c5 21. bxc6 Nxc6 22. Nxc6 bxc6 23. Ba3 e6 24. Re2 Na4 25.
Re3 c5 26. dxc5 Nxc5 27. Kh2 Rd2 28. Rf3 Rxa2 29. Bc1 Ne4 30. Be3 Rxc3 31. Rf4 f5 32. Bxe4 Rxe3 33. Bg2 Ree2 34. Kg1 a5 35. Bf1 Red2 36.
Bc4 Ra1+ 37. Kg2 Kf7 38. Rf3 a4 39. Re3 Rd6 40. Re5 Kf6 41. Ra5 h5 42. Ra7 a3 43.
Bb5 Rdd1 44. Be8 a2 45. f4 Rd2+ 46. Kf3 e5 47. fxe5+ Kxe5 48. Re7+ Kf6 0-1

[Event "*** SCC Grand Prix: Titled Tuesday Blitz"]
[Site "Chess.com"]
[Date "2020.07.21"]
[Round "9"]
[White "Zarinur"]
[Black "Chuchofrio1"]
[Result "0-1"]
[WhiteElo "2102"]
[BlackElo "2268"]
[TimeControl "180+1"]
[EndTime "11:48:36 PDT"]
[Termination "Chuchofrio1 won by resignation"]

1. e4 c5 2. Nf3 Nc6 3. Bb5 e6 4. Bxc6 bxc6 5. d3 Ne7 6. Be3 Ng6 7. h4 h5 8. Ng5 f6 9. Nh3 d5 10. Qe2 Bd6 11. f4 Nxh4 12. Ng1 Ng6 13. Rxh5 Kf7 14. Nh3 Ba6 15. Qf2 Rxh5 16. e5 fxe5 17. fxe5+ Rf5 18. Ng5+ Kg8 19. Qg3 Bxe5 20. Qh3 Rxg5 21. Qxe6+ Kf8 22. Bxc5+ Ne7 23. Na3 Bg3+ 24. Kd2 Bf4+ 25.
Kc3 d4+ 26. Kb3 Rb8+ 27. Ka4 Bb5+ 28. Nxb5 cxb5+ 29. Kb4 a5+ 30. Kb3 a4+ 31. Kb4 Rxc5 32. Kxc5 Qc7+ 33. Kxd4 Rd8+ 34. Ke4 g5 35. Kf3 Qc6+ 36.
Kg4 Qxe6+ 0-1

[Event "*** SCC Grand Prix: Titled Tuesday Blitz"]
[Site "Chess.com"]
[Date "2020.07.21"]
[Round "9"]
[White "nitpicker"]
[Black "AwareIdea"]
[Result "0-1"]
[WhiteElo "2188"]
[BlackElo "2462"]
[TimeControl "180+1"]
[EndTime "11:48:36 PDT"]
[Termination "AwareIdea won by resignation"]

1. d4 Nf6 2. c4 e6 3. Nf3 d5 4.
g3 dxc4 5. Bg2 Bd7 6. Ne5 Bc6 7. Nxc6 Nxc6 8. e3 Qd7 9. O-O O-O-O 10. Qe2 h5 11.
Rd1 h4 12. Nc3 hxg3 13. hxg3 Nd5 14. Qxc4 f5 15. a3 g5 16. b4 f4 17. Ne4 fxe3 18.
Bxe3 Nxe3 19. fxe3 Qh7 20. Kf2 Bd6 21. Rh1 Qf5+ 22.
Ke2 Rhf8 23. Raf1 Qg4+ 24. Bf3 Rxf3 25. Nxd6+ cxd6 26. Rxf3 e5 27. Qf7 Rd7 28. Rh8+ Kc7 29. Qf5 Qxf5 30. Rxf5 exd4 31. Rxg5 Re7 32. Rgh5 Rxe3+ 33. Kf2 Ne5 34. R5h7+ Kc6 35. Rc8+ Kd5 36. Rxb7 Rxa3 37.
Rb5+ Ke4 38. Rc2 d3 39. Rd2 Ng4+ 40. Kg2 Ke3 41. Rd1 Ra2+ 42. Kh3 Nf2+ 43. Kh4 Nxd1 44. g4 0-1

[Event "*** SCC Grand Prix: Titled Tuesday Blitz"]
[Site "Chess.com"]
[Date "2020.07.21"]
[Round "9"]
[White "Skatchkov_V"]
[Black "Zkid"]
[Result "0-1"]
[WhiteElo "2588"]
[BlackElo "2784"]
[TimeControl "180+1"]
[EndTime "11:48:37 PDT"]
[Termination "Zkid won by resignation"]

1. d4 d5 2. c4 dxc4 3. e4 Nf6 4. e5 Nd5 5. Bxc4 Nc6 6. Nf3 Bf5 7. Nc3 Nb6 8. Be2 e6 9. a3 Ne7 10. Nh4 Bg6 11.
Nxg6 hxg6 12. Bg5 Qd7 13. Bb5 c6 14. Ne4 Nf5 15. Be2 Qxd4 16. Qc2 Qxe5 17. O-O-O Be7 18. Bxe7 Kxe7 19. f4 Qxf4+ 20. Kb1 Qe5 21. Rhe1 Rad8 22. Bd3 Qxh2 23. Qc5+ Ke8 24. g4 Nd6 25. Nf2 Nd5 26. Rh1 Ke7 27. Rxh2 Rxh2 28. Ne4 b6 29. Qxc6 Nxe4 30.
Bxe4 Nc3+ 31. Qxc3 Rxd1+ 32. Ka2 Rdd2 33. Qc7+ Kf8 34. Bc2 Kg8 35. Be4 Rxb2+ 36. Ka1 Rbe2 37.
Qc3 Rxe4 0-1

[Event "*** SCC Grand Prix: Titled Tuesday Blitz"]
[Site "Chess.com"]
[Date "2020.07.21"]
[Round "9"]
[White "UCantHandleDenker"]
[Black "knightmare7724"]
[Result "1-0"]
[WhiteElo "2566"]
[BlackElo "2591"]
[TimeControl "180+1"]
[EndTime "11:48:38 PDT"]
[Termination "UCantHandleDenker won by resignation"]

1. Nf3 Nf6 2. g3 b6 3. Bg2 Bb7 4. O-O g6 5. c4 Bg7 6. Nc3 O-O 7. d4 Ne4 8. Nxe4 Bxe4 9. Be3 d6 10. Qd2 Nd7 11. Bh6 Nf6 12. Rad1 c5 13. Bxg7 Kxg7 14. Qe3 Bxf3 15. Bxf3 cxd4 16. Qxd4 Rc8 17. b3 Qc7 18. Rd2 Rfd8 19. Rfd1 h5 20. h4 Qc5 21. Qb2 b5 22. Rd5 Qc7 23. Rxb5 Rb8 24. a4 a6 25. Rxb8 Rxb8 26.
Qc3 a5 27. Rd5 e6 28. Rb5 Rxb5 29. axb5 e5 30. Bc6 d5 31. e3 Ne4 32. Qc2 Nf6 33. Qd2 dxc4 34. bxc4 a4 35. Qb4 Qd8 36. Qxa4 Ng4 37.
Qc2 Qa5 38. Bf3 Qe1+ 39. Kg2 Nh6 40. b6 Nf5 41. Qb2 f6 42. b7 g5 43. b8=Q g4 44. Q2b7+ 1-0

[Event "*** SCC Grand Prix: Titled Tuesday Blitz"]
[Site "Chess.com"]
[Date "2020.07.21"]
[Round "9"]
[White "Playgood28"]
[Black "boo786"]
[Result "0-1"]
[WhiteElo "2279"]
[BlackElo "2398"]
[TimeControl "180+1"]
[EndTime "11:48:38 PDT"]
[Termination "boo786 won on time"]

1. d4 Nf6 2. c4 e6 3. Nc3 Bb4 4. Qc2 c5 5. dxc5 O-O 6. a3 Bxc5 7. e3 b6 8. Nf3 Bb7 9. Be2 a5 10. O-O Na6 11. b3 Be7 12. Bb2 Nc5 13. Nd4 Nfe4 14. Bf3 f5 15. b4 axb4 16. axb4 Na6 17. b5 Nac5 18. Nxe4 fxe4 19. Be2 Bf6 20. Nb3 Rxa1 21. Rxa1 Nd3 22. Bxf6 Qxf6 23. Rf1 Nxf2 24. c5 Bd5 25.
Nd4 Qg5 26. Qc3 bxc5 27. Nc2 Nh3+ 28. Kh1 Rxf1+ 29. Bxf1 Qf5 30. Qe1 Nf2+ 31. Kg1 Nd3 32. Qd2 Qg5 33. b6 h5 34. Ne1 Ne5 0-1

[Event "*** SCC Grand Prix: Titled Tuesday Blitz"]
[Site "Chess.com"]
[Date "2020.07.21"]
[Round "9"]
[White "White_Ghost"]
[Black "Josip_buje"]
[Result "1-0"]
[WhiteElo "2511"]
[BlackElo "2272"]
[TimeControl "180+1"]
[EndTime "11:48:39 PDT"]
[Termination "White_Ghost won on time"]

1. Nf3 d5 2. d3 Nf6 3. Nbd2 Bg4 4. b3 e6 5. Bb2 Nbd7 6. g3 h6 7. Bg2 Bc5 8. O-O O-O 9. e4 dxe4 10. dxe4 c6 11. Qe2 Qe7 12. e5 Nd5 13. Ne4 Ba3 14. c4 Bxb2 15. Qxb2 N5b6 16. h3 Bxf3 17. Bxf3 f6 18. exf6 Nxf6 19. Rfe1 Nxe4 20. Bxe4 Rf6 21. Rad1 Raf8 22. Re2 Qc5 23. Bb1 Qg5 24. Qc2 Qf5 25.
Qd2 Qxh3 26. a4 Qh5 27. Rde1 a5 28. Rxe6 Rxf2 29. Qxf2 Rxf2 30. Kxf2 Qh2+ 31. Kf3 Qb2 32. Re8+ Kf7 33. R8e7+ Kf8 34. Bg6 Qf6+ 35. Kg2 Qxg6 36.
Rxb7 Qc2+ 37. Kh1 Qxb3 38. Ree7 Qf3+ 39. Kh2 Qf2+ 40. Kh1 Qf1+ 41. Kh2 Nxc4 42. Red7 Qf2+ 43. Kh1 Qf3+ 44. Kh2 Qe2+ 45. Kg1 1-0

[Event "*** SCC Grand Prix: Titled Tuesday Blitz"]
[Site "Chess.com"]
[Date "2020.07.21"]
[Round "9"]
[White "antoszu"]
[Black "Gloomy_Wanderer"]
[Result "0-1"]
[WhiteElo "2544"]
[BlackElo "2696"]
[TimeControl "180+1"]
[EndTime "11:48:41 PDT"]
[Termination "Gloomy_Wanderer won by resignation"]

1. d4 Nf6 2. c4 e6 3. Nf3 d5 4.
Nc3 Bb4 5. cxd5 exd5 6. Bf4 O-O 7.
e3 Bf5 8. Be2 c6 9. O-O Bd6 10.
Bxd6 Qxd6 11. Ne5 Nbd7 12. Nxd7 Qxd7 13. Rc1 Rfe8 14. Na4 Qd6 15. a3 g5 16. b4 h5 17.
Nc5 Re7 18. Nd3 Ng4 19. Bxg4 Bxg4 20. Qd2 f6 21. a4 a6 22. Rfe1 Rae8 23. Rb1 b6 24.
Qc3 h4 25. b5 cxb5 26. axb5 a5 27. Rbc1 Bd7 28. Qb3 Kg7 29. Rc3 Rc8 30. Rec1 Rxc3 31. Rxc3 Re8 32. h3 Rc8 33. Rxc8 Bxc8 34. Nb2 Bd7 35. Na4 f5 36. Nc3 Be6 37. Na4 g4 38.
hxg4 fxg4 39. Qd1 Bd7 40. Qe2 h3 41. gxh3 gxh3 42. Qh5 Bxb5 43. Nc3 Bc4 44. Kh1 Qg6 45. Qxh3 Qh6 46. Qxh6+ Kxh6 47. e4 dxe4 48. Nxe4 Bd5 49.
f3 Bxe4 50. fxe4 a4 0-1

[Event "*** SCC Grand Prix: Titled Tuesday Blitz"]
[Site "Chess.com"]
[Date "2020.07.21"]
[Round "9"]
[White "yuliagok"]
[Black "MisiekZielony"]
[Result "1-0"]
[WhiteElo "2114"]
[BlackElo "2230"]
[TimeControl "180+1"]
[EndTime "11:48:41 PDT"]
[Termination "yuliagok won on time"]

1. d4 d5 2. c4 c6 3. cxd5 cxd5 4.
Nf3 Nf6 5. Bf4 Nc6 6. Nc3 e6 7. e3 Be7 8. Bd3 O-O 9. Rc1 Nh5 10. Bg3 f5 11. O-O Nxg3 12. hxg3 Bd6 13. Nb5 Bb8 14.
a3 g5 15. b4 a5 16. bxa5 Rxa5 17. Qd2 g4 18. Nh4 Bd7 19. f4 gxf3 20. Rxf3 Ra8 21.
Rcf1 Qg5 22. Qf2 Kh8 23. e4 dxe4 24. Bxe4 Rg8 25. Bc2 Bxg3 26. Rxg3 Qxg3 27. Qxg3 Rxg3 28. d5 Ne7 29. Nc7 Rc8 30. d6 Ng6 31. Nf3 Kg7 32. Kf2 Rg4 33. Rb1 Kf6 34. Rxb7 Bc6 35. Rb6 Bd7 36.
Bd3 Ra4 37. Bb5 Rd8 38. Bxa4 Bxa4 39. Ra6 Bb3 40. Nd4 Bc4 41. Rc6 Bd3 42. Ndxe6 Ra8 43. d7 1-0

[Event "*** SCC Grand Prix: Titled Tuesday Blitz"]
[Site "Chess.com"]
[Date "2020.07.21"]
[Round "9"]
[White "imdvb6307"]
[Black "RoelandPruijssers"]
[Result "1-0"]
[WhiteElo "2420"]
[BlackElo "2548"]
[TimeControl "180+1"]
[EndTime "11:48:42 PDT"]
[Termination "imdvb6307 won by resignation"]

1. e4 Nf6 2. Nc3 d5 3. e5 d4 4. exf6 dxc3 5. fxg7 cxd2+ 6. Qxd2 Qxd2+ 7. Bxd2 Bxg7 8. O-O-O Nc6 9. Nf3 Bd7 10. Bc4 e6 11.
Bg5 h6 12. Bh4 Ne7 13. Bg3 O-O-O 14. Ne5 Rhf8 15. Bh4 Bxe5 16. Bxe7 Bc6 17. Rxd8+ Rxd8 18. Bxd8 Kxd8 19. f3 Ke7 20. Bd3 f5 21. Re1 Kf6 22. Bc4 Bd7 23. g3 f4 24. g4 Bc6 25. Be2 Bd4 26.
h4 Bf2 27. Rh1 e5 28. Rh3 Bg3 29. Kd2 e4 30. fxe4 Bxe4 31. g5+ hxg5 32. hxg5+ Kxg5 33. Rh5+ Kf6 34. Rc5 f3 35. Bd3 Bf4+ 36. Ke1 Bxd3 37. cxd3 c6 38. Kf2 Be5 39. Rc2 Ke6 40. Kxf3 Kd5 41.
b3 a5 42. a4 b5 43. Ke2 Bf4 44. Kd1 Bd6 45. Rg2 Kd4 46. Kc2 Bb4 47. Rg6 bxa4 48. bxa4 c5 49. Rg4+ Kd5 50. Kb3 Be1 51. Kc2 Bb4 52. Kd1 Bc3 53. Ke2 Bb4 54. Ke3 Be1 55. Rg5+ Ke6 56. Rxc5 1-0

[Event "*** SCC Grand Prix: Titled Tuesday Blitz"]
[Site "Chess.com"]
[Date "2020.07.21"]
[Round "9"]
[White "tk22h"]
[Black "WPWPWP-2015"]
[Result "1-0"]
[WhiteElo "2327"]
[BlackElo "2419"]
[TimeControl "180+1"]
[EndTime "11:48:42 PDT"]
[Termination "tk22h won on time"]

1. c4 e5 2. Nc3 Nf6 3. Nf3 Nc6 4. g3 Bb4 5. Nd5 Bc5 6. Bg2 O-O 7. O-O d6 8. d3 h6 9. Bd2 a5 10. Bc3 Re8 11. e3 Nxd5 12. cxd5 Ne7 13. d4 exd4 14. Nxd4 Ng6 15. Qd2 Ne5 16. b3 Bb6 17. h3 Nd7 18.
Kh2 Nf6 19. Qd3 Qe7 20. Rac1 Ne4 21. Bxe4 Qxe4 22. Qxe4 Rxe4 23. Nb5 Re7 24. Bd4 Bxd4 25. Nxd4 a4 26. b4 b6 27. a3 Bb7 28. Nb5 Ba6 29. Nxc7 Rxc7 30. Rxc7 Bxf1 31. Rd7 Bd3 32. Rxd6 Be4 33. g4 Rc8 34. Kg3 b5 35. f3 Bd3 36.
Rc6 Rd8 37. e4 Kf8 38. Kf4 f6 39. Ke3 Bf1 40. h4 Ke7 41. f4 Rd6 42. Rc5 Bc4 43. Kd4 Be2 44. g5 hxg5 45. hxg5 Rd7 46. gxf6+ gxf6 47. e5 Bc4 48. d6+ Ke6 49. Rc7 fxe5+ 50. fxe5 Rd8 51.
Re7+ Kf5 52. Kc5 Rc8+ 53. Kd4 Rd8 54. Kc5 Rh8 55. d7 Be6 56. Kd6 1-0